[Event "*** Titled Tuesday Blitz"]
[Site "Chess.com"]
[Date "2019.02.05"]
[Round "6"]
[White "minnesotachessmaster"]
[Black "fmshawnrl123"]
[Result "0-1"]
[WhiteElo "1984"]
[BlackElo "2615"]
[TimeControl "180+2"]
[EndTime "14:25:13 PST"]
[Termination "fmshawnrl123 won by resignation"]

1. d4 Nf6 2. c4 e6 3. Nc3 Bb4 4. e3 O-O 5. Bd3 d5 6. cxd5 exd5 7. Ne2 Re8 8. O-O b6 9. a3 Bd6 10. Ng3 a6 11. Nf5 Bf8 12. Qf3 g6 13. Nh4 Bg4 14. Qg3 Bd6 15. f4 c5 16. h3 Bh5 17. Qf2 cxd4 18. exd4 Ne4 19. Bxe4 dxe4 20. Be3 Be7 21.
g3 Bxh4 22. gxh4 Nd7 23. f5 Kh8 24. Kh2 b5 25. Bf4 Rc8 26. Rae1 Bf3 27. Qg3 Rc4 28. Nd5 Rxd4 29. Nc7 Rg8 30. Rxf3 gxf5 31. Qf2 Nf6 32. Be5 Rd2 33. Bxf6+ Qxf6 34. Qxd2 exf3 35. Rg1 Qe5+ 36. Kh1 Rxg1+ 37. Kxg1 Qxc7 38. Qd4+ Kg8 39. Qf2 Qc1+ 40. Kh2 Qf4+ 41. Kg1 Kg7 42. b3 Kg6 43. a4 h5 44.
Qb6+ f6 45. Qf2 bxa4 46. bxa4 Qe4 47. Qg3+ Kh6 48. Qf2 Qe2 49. Qg3 f2+ 50. Qxf2 Qxf2+ 51. Kxf2 Kg7 52. Kf3 Kf7 53. Kf4 Ke6 54. Kf3 Ke5 55. a5 f4 56. Kf2 Ke4 0-1

[Event "*** Titled Tuesday Blitz"]
[Site "Chess.com"]
[Date "2019.02.05"]
[Round "6"]
[White "amiralfio"]
[Black "murmah2003"]
[Result "0-1"]
[WhiteElo "2376"]
[BlackElo "2651"]
[TimeControl "180+2"]
[EndTime "14:25:14 PST"]
[Termination "murmah2003 won by resignation"]

1. d4 Nf6 2. Bf4 c5 3. d5 g6 4. Nc3 Bg7 5. e4 d6 6. Nf3 O-O 7. a4 Bg4 8. Be2 Na6 9. Nd2 Bxe2 10. Qxe2 Nd7 11. O-O Nc7 12. Nc4 Rb8 13. e5 Re8 14. exd6 exd6 15. Qf3 Ne5 16. Bxe5 Bxe5 17. Rfe1 f5 18.
Nxe5 dxe5 19. Rad1 Qd6 20. g4 Rf8 21. Qg3 Rbe8 22.
gxf5 Rxf5 23. Ne4 Qf8 24. d6 Ne6 25. d7 Rd8 26. Kh1 Nd4 27. Qd3 Rh5 28. Ng3 Rh4 29. Qc4+ Kg7 30. Qd5 Nf3 31. Nf1 Qf4 32. Kg2 Qg4+ 33.
Ng3 Rxh2+ 34. Kf1 Nd4 35. Qxe5+ Kh6 36. Nf5+ Nxf5 37. Qxh2+ Kg7 38. Rd5 Qc4+ 39. Rd3 Rxd7 40. Qe5+ Kh6 41. Re4 Qa6 42. Qc3 Rd4 43. Rxd4 cxd4 44.
Qc7 Qxa4 45. Rh3+ Kg5 46. Qd8+ Kg4 47. Rh1 Qc4+ 48. Kg1 Qxc2 49. Qd5 Qd1+ 50. Kg2 Nh4+ 51. Rxh4+ Kxh4 52. Qe4+ Qg4+ 53. Qxg4+ Kxg4 0-1

[Event "*** Titled Tuesday Blitz"]
[Site "Chess.com"]
[Date "2019.02.05"]
[Round "6"]
[White "robbykevlishvili"]
[Black "Astaneh"]
[Result "1-0"]
[WhiteElo "2751"]
[BlackElo "2553"]
[TimeControl "180+2"]
[EndTime "14:25:20 PST"]
[Termination "robbykevlishvili won on time"]

1. e4 c6 2. d4 d5 3. e5 c5 4. Nf3 cxd4 5. Nxd4 e6 6. Nd2 Ne7 7. N2f3 Nbc6 8. Nxc6 Nxc6 9. Bd3 Qc7 10. Qe2 h6 11.
O-O g5 12. h3 Bg7 13. Re1 Bd7 14. Bd2 O-O-O 15. b4 Kb8 16. a4 Rdg8 17. a5 g4 18. hxg4 Bf8 19. b5 Nb4 20. Nd4 Nxd3 21. cxd3 Qd8 22. Rab1 Qh4 23. Nc6+ Ka8 24. Nd4 Rxg4 25. Nf3 Qh3 26. g3 Rhg8 27. Nh2 Rh4 28. f4 Rxg3+ 29. Kh1 Qf5 30. Rg1 Rxh2+ 31. Qxh2 Rh3 32. Rg8 Rxh2+ 33. Kxh2 Qh5+ 34. Kg1 Be8 35. Rxf8 Qg4+ 36. Kf2 Qh4+ 37. Ke2 Qe7 38. Bb4 Qd7 39. Rg1 Qxb5 40. Rgg8 b6 41. a6 Qxa6 42. Rxe8+ Kb7 43. Rb8+ Kc6 44. Rgc8+ Kb5 45.
Bd2 Qa1 46. Rc1 Qd4 47. Rb7 f6 48. exf6 Qxf6 49. Rxa7 Qg6 50. Rb1+ Kc6 51. Rc1+ Kb5 52. Be3 Qg4+ 53. Kd2 d4 54. Bxd4 Qxf4+ 55. Be3 Qh2+ 56.
Kc3 Kc6 57. Raa1 Qe5+ 58. Bd4 Qe2 59. Rab1 b5 60. Re1 Qg4 61. Re5 h5 62. Rbxb5 h4 63.
Rb6+ Kd7 64. Rexe6 h3 65. Rh6 Qg2 66. Rh7+ Kc8 67. Be5 1-0

[Event "*** Titled Tuesday Blitz"]
[Site "Chess.com"]
[Date "2019.02.05"]
[Round "6"]
[White "NeverEverForever1990"]
[Black "King_of_the_wing"]
[Result "1/2-1/2"]
[WhiteElo "2344"]
[BlackElo "2192"]
[TimeControl "180+2"]
[EndTime "14:25:21 PST"]
[Termination "Game drawn by agreement"]

1. Nf3 e6 2. d4 f5 3. g3 b6 4. Bg2 Bb7 5. O-O Nf6 6. c4 Be7 7. d5 O-O 8. Nd4 Bc5 9. Nb3 Na6 10. Nc3 e5 11. Nxc5 bxc5 12. e4 fxe4 13. Nxe4 Nxe4 14. Bxe4 Qf6 15. Be3 Rae8 16. Qh5 g6 17. Qe2 d6 18.
a3 Nb8 19. b4 cxb4 20. axb4 a6 21. c5 Bc8 22. c6 Bh3 23. Rfe1 h5 24. f3 Rf7 25.
Ba7 g5 26. b5 g4 27. Bxb8 gxf3 28. Qf2 Rxb8 29. bxa6 Rb2 30. a7 Rf8 31. a8=Q Rxf2 32. Kxf2 Rxa8 33. Rxa8+ Kg7 34. Re3 Bg4 35. h3 Qh6 36.
hxg4 hxg4 37. Bxf3 gxf3 38. Rxf3 Qd2+ 39. Kg1 Qxd5 40.
Raf8 Qxc6 41. R3f6 Qc1+ 42. Kh2 Qd2+ 43. Kh3 Qa2 44.
g4 e4 45. g5 e3 46. g6 e2 47.
R8f7+ Kg8 48. Rf8+ Kg7 49. R8f7+ Kh6 50. g7+ Kh7 51. Rh6+ Kxh6 52. g8=Q Qe6+ 53. Kg2 Qxf7 54. Qxf7 e1=Q 55. Qf6+ Kh5 56. Qf5+ Kh4 57. Qf4+ Kh5 58.
Qf5+ Kh6 59. Qf6+ 1/2-1/2

[Event "*** Titled Tuesday Blitz"]
[Site "Chess.com"]
[Date "2019.02.05"]
[Round "6"]
[White "Hieronymus00"]
[Black "Perecke"]
[Result "0-1"]
[WhiteElo "2156"]
[BlackElo "2052"]
[TimeControl "180+2"]
[EndTime "14:25:38 PST"]
[Termination "Perecke won by resignation"]

1. e4 e5 2. Nf3 Nc6 3. Bb5 a6 4. Ba4 Nf6 5. O-O Be7 6. Re1 b5 7. Bb3 d6 8. c3 O-O 9. h3 Na5 10. Bc2 c5 11. d4 Qc7 12. Nbd2 cxd4 13. cxd4 Nc6 14. d5 Nb4 15. Bb1 a5 16. Nf1 a4 17.
Ng3 Bd7 18. Bd2 Na6 19. Bd3 b4 20. Rc1 Qb7 21. Qe2 Nc5 22. Bb1 Bb5 23. Qe3 Ba6 24.
Nf5 Bd8 25. Nxd6 Qb8 26. Qxc5 Be7 27. Bxb4 Rc8 28. Qe3 Rxc1 29. Rxc1 Qxb4 30. Nf5 Bf8 31. Nxe5 Qxb2 32. Nc6 Re8 33. Qf4 g6 34. Nfd4 Nh5 35.
Qe3 Nf6 36. Qf4 Nh5 37. Qe3 Nf6 38. Qc3 Qxc3 39. Rxc3 Nxe4 40. Bxe4 Rxe4 41. Kh2 Bd6+ 42. g3 Re1 43. Kg2 Bb7 44. Re3 Ra1 45. a3 Rxa3 46.
Rxa3 Bxa3 47. Nb5 Bc5 48. Nc3 a3 49. Kf3 Kf8 50. Ke4 Ke8 51. f4 Kd7 52. Ne5+ Ke7 53. Nc4 f5+ 54. Ke5 Bb4 55. Na2 Bc5 56. d6+ Kd7 57.
Nc3 Ba6 58. Nd2 Bxd6+ 59. Kd5 Bb4 60. Kd4 a2 61. Nxa2 Bxd2 0-1

[Event "*** Titled Tuesday Blitz"]
[Site "Chess.com"]
[Date "2019.02.05"]
[Round "6"]
[White "Gubajdullin"]
[Black "AbdAlAgathos"]
[Result "0-1"]
[WhiteElo "2459"]
[BlackElo "2332"]
[TimeControl "180+2"]
[EndTime "14:26:01 PST"]
[Termination "AbdAlAgathos won by checkmate"]

1. d4 f5 2. Bf4 Nf6 3. e3 g6 4.
Nf3 Bg7 5. Be2 O-O 6. O-O d6 7. h3 Nc6 8. c3 Qe8 9. a4 e5 10. Bh2 e4 11. Nfd2 g5 12. a5 Qg6 13. a6 b6 14. Na3 Nd8 15. Nb5 Rf7 16. f3 Nd5 17. Nc4 c6 18. Nbxd6 b5 19. Nxf7 Nxf7 20. fxe4 fxe4 21. Rxf7 Qxf7 22. Nd6 Qg6 23. Qd2 g4 24. Bxg4 Bh6 25. Re1 Bxg4 26. hxg4 Rf8 27. Nf5 Bg5 28. Qc2 Qe6 29. c4 bxc4 30. Qxc4 h5 31. Bd6 Rd8 32. Bf4 Nxf4 33. Qxe6+ Nxe6 34. gxh5 Rb8 35. Rc1 Nxd4 36. Rc5 Nxf5 37. Rxf5 Bxe3+ 38. Kh2 Rxb2 39. Rf6 Rb5 40. Rxc6 Rxh5+ 41. Kg3 Re5 42. Rc4 Re6 43. Kg4 Kf7 44. Kf5 Bb6 45. Rxe4 Rxe4 46.
Kxe4 Kf6 47. Kf4 Kg6 48. Kg4 Bc7 49. g3 Kf6 50. Kh4 Ke6 51. g4 Kd5 52. g5 Kc5 53. g6 Be5 54. Kg5 Bg7 55. Kf5 Kb5 56. Ke4 Kxa6 57.
Kd3 Kb5 58. Kc2 a5 59. Kb3 a4+ 60. Ka3 Ka5 61. Ka2 Kb4 62. Kb1 Kb3 63. Kc1 a3 64. Kb1 a2+ 65. Kc1 a1=Q+ 66. Kd2 Qd4+ 67. Ke2 Kc2 68. Kf3 Kd2 69. Kg3 Ke2 70. Kh3 Kf2 71. Kh2 Qh4# 0-1

[Event "*** Titled Tuesday Blitz"]
[Site "Chess.com"]
[Date "2019.02.05"]
[Round "6"]
[White "vovachesss"]
[Black "BogdanDeac"]
[Result "0-1"]
[WhiteElo "2576"]
[BlackElo "2737"]
[TimeControl "180+2"]
[EndTime "14:26:06 PST"]
[Termination "BogdanDeac won by checkmate"]

1. e4 c5 2. d4 cxd4 3. c3 d3 4. Bxd3 g6 5. Nf3 Bg7 6. O-O Nc6 7. Qe2 d6 8. Nbd2 Nf6 9. Nc4 Nd7 10. h3 O-O 11. Bf4 Nc5 12. Bc2 b5 13. Ne3 b4 14.
Nd5 bxc3 15. Nxc3 Ba6 16. Nb5 Qb6 17. a4 Nb4 18. Bg5 Rfe8 19. e5 Bxb5 20. axb5 dxe5 21. Be3 Rac8 22. Rfc1 Qd6 23. Rxa7 e4 24. Ng5 Ncd3 25.
Bxd3 exd3 26. Qd2 Rxc1+ 27. Qxc1 Nc2 28. Nf3 Qb4 29. Qd2 Qxb5 30. Ra5 Qxb2 31. Qxd3 Qb1+ 32. Kh2 Qb8+ 33. g3 Nxe3 34. Qxe3 Bf6 35. Kg2 Rd8 36. Ra3 Kg7 37. Rd3 Rc8 38. h4 h6 39. h5 g5 40. Qe4 Qb5 41. Nh2 Rc4 42. Qf3 Qa6 43. Rd5 Rc3 44. Qe4 Rc1 45. Rd8 Qa1 46. Ng4 Rg1+ 47.
Kh2 Re1 48. Qf5 Rh1+ 49. Kg2 Rxh5 50. Nh2 e6 51. Qf3 Rxh2+ 52. Kxh2 Bxd8 53. Kg2 Bf6 54. Qb7 Qb2 55. Qc6 Bd4 56. Kh3 Qxf2 57. Qe4 Qf1+ 58.
Kg4 f5+ 59. Kh5 fxe4 60. g4 Kf6 61. Kxh6 e3 62. Kh7 Bc5 63. Kh6 e2 64. Kh7 e1=Q 65. Kg8 e5 66. Kh7 e4 67. Kg8 e3 68. Kh7 e2 69. Kg8 Qef2 70. Kh7 e1=Q 71. Kg8 Qee2 72. Kh7 Qxg4 73. Kg8 Qge2 74. Kh7 Bf8 75. Kg8 Bg7 76.
Kh7 g4 77. Kg8 g3 78. Kh7 g2 79. Kg8 g1=N 80. Kh7 Nf3 81. Kg8 Qc4+ 82. Kh7 Ng5# 0-1

[Event "*** Titled Tuesday Blitz"]
[Site "Chess.com"]
[Date "2019.02.05"]
[Round "6"]
[White "rasmussvane"]
[Black "Parhamov"]
[Result "0-1"]
[WhiteElo "2765"]
[BlackElo "2973"]
[TimeControl "180+2"]
[EndTime "14:26:07 PST"]
[Termination "Parhamov won by resignation"]

1. Nf3 g6 2. e4 Bg7 3. d4 d6 4. Bd3 Nf6 5. O-O O-O 6. c3 Nbd7 7. Re1 e5 8. Nbd2 Re8 9. a4 a5 10. b3 b6 11. Bb2 Bb7 12. Qc2 Nh5 13. Rad1 Nf4 14.
Bb5 c6 15. Bf1 Qc7 16. dxe5 Nxe5 17. Nxe5 dxe5 18. Nc4 Rad8 19. Bc1 b5 20. axb5 cxb5 21. Na3 Rxd1 22. Rxd1 b4 23. Nb5 Qc6 24. Nd6 Rd8 25.
Nxb7 Rxd1 26. Qxd1 Qxb7 27. cxb4 axb4 28. Qf3 Ne6 29. Bc4 Nd4 30. Qg4 h5 31. Qh4 Kh7 32. h3 Qc6 33. Bg5 f6 34. Bd2 Bh6 35. Bd5 Qa6 36. f4 Qa1+ 37. Kh2 Ne2 38. Qf2 Nxf4 39. Bc4 Qa2 40. Be3 Qa8 41. g3 Qxe4 42. gxf4 exf4 43.
Bd2 f3 44. Bxh6 Kxh6 45. Kg3 h4+ 46. Kh2 g5 47. Kg1 f5 48. Qd2 Qe5 49. Qd8 Qg3+ 50.
Kf1 Qg2+ 51. Ke1 f2+ 52. Kd1 f1=Q+ 53. Bxf1 Qxf1+ 54. Kc2 Qe2+ 55. Kc1 Qe3+ 56. Kd1 Qxb3+ 57. Ke2 Qc2+ 58. Kf1 Qc4+ 59. Kf2 Qf4+ 60. Ke2 Qe5+ 61. Kf1 Qe6 62. Qf8+ Kg6 63. Qxb4 Qa6+ 64. Kg2 Qe2+ 65. Kg1 Qe3+ 66. Kf1 Qxh3+ 67. Kf2 Qg3+ 68. Kf1 Qf4+ 69.
Qxf4 gxf4 0-1

[Event "*** Titled Tuesday Blitz"]
[Site "Chess.com"]
[Date "2019.02.05"]
[Round "6"]
[White "WPWPWP-2015"]
[Black "HindsightIs2700"]
[Result "1-0"]
[WhiteElo "2331"]
[BlackElo "2260"]
[TimeControl "180+2"]
[EndTime "14:26:11 PST"]
[Termination "WPWPWP-2015 won on time"]

1. e4 c5 2. Nf3 d6 3. Bb5+ Nd7 4.
c4 a6 5. Ba4 Nf6 6. Nc3 g6 7.
O-O Bg7 8. Re1 O-O 9. d4 cxd4 10. Nxd4 Qc7 11. Bxd7 Bxd7 12. Qd3 Rfc8 13. b3 b5 14. Nd5 Nxd5 15. cxd5 Qc3 16. Qxc3 Rxc3 17. Be3 Rac8 18. Red1 b4 19. h3 h5 20. Rab1 a5 21.
Kf1 a4 22. Ke1 a3 23. Bg5 Bxd4 24. Rxd4 f6 25. Be3 Rc2 26. Ra1 Bb5 27. Rxb4 Re2+ 28. Kd1 Ba6 29. Ra4 Bb5 30. Rb4 Ba6 31. Rc1 Rxc1+ 32.
Kxc1 Rxa2 33. Ra4 Bd3 34. b4 Rc2+ 35. Kd1 a2 36. Ra8+ Kg7 37. b5 Rb2 38. Bc1 Rxf2 39. b6 Bxe4 40. b7 Rf1+ 41. Kd2 Bxd5 42. b8=Q Bxa8 43.
Qxa8 Rf2+ 44. Ke3 Rc2 45. Bd2 Rc5 46. Kd3 Rd5+ 47. Kc2 Rc5+ 48. Bc3 Rg5 49. g4 hxg4 50. Qxa2 gxh3 51. Qb1 Rg2+ 52. Kd3 h2 53. Qh1 Rf2 54. Ke3 Rc2 55. Bd2 e5 56. Qxh2 d5 57. Qh1 Rc5 58.
Qb1 g5 59. Qb6 Rc4 60. Qb7+ Kg6 61. Qxd5 Rd4 62. Qg8+ Kf5 63. Qc8+ Kg6 64. Ke2 g4 65. Be3 Rd6 66. Qxg4+ Kf7 67. Qb4 Re6 68. Qc4 Ke7 69. Bc5+ Kd7 70. Qd5+ 1-0

[Event "*** Titled Tuesday Blitz"]
[Site "Chess.com"]
[Date "2019.02.05"]
[Round "6"]
[White "NotFischer"]
[Black "CM_Perligero"]
[Result "1/2-1/2"]
[WhiteElo "2125"]
[BlackElo "2210"]
[TimeControl "180+2"]
[EndTime "14:26:33 PST"]
[Termination "Game drawn by agreement"]

1. d4 Nf6 2. Bf4 d5 3. e3 c6 4.
c3 g6 5. Nd2 Bg7 6. Be2 O-O 7. h4 h5 8. Ngf3 Bg4 9. Ne5 Bxe2 10. Qxe2 Nbd7 11. O-O-O a5 12. Ndf3 Ne4 13. Nxd7 Qxd7 14.
Ne5 Qd8 15. f3 Nd6 16. g4 Bxe5 17. Bxe5 f6 18. Bf4 Kf7 19. gxh5 gxh5 20. Rhg1 Rg8 21. Qd3 f5 22. Bxd6 Qxd6 23. Qxf5+ Qf6 24. Qh7+ Rg7 25. Qxh5+ Ke6 26. Rxg7 Qxg7 27. e4 dxe4 28. fxe4 Kd7 29. Rf1 Qg2 30. Qf5+ Kc7 31. h5 a4 32. a3 e6 33.
Qe5+ Kb6 34. Qc5+ Ka6 35. Qc4+ Kb6 36. Qb4+ Ka6 37. Qxa4+ Kb6 38. Qb4+ Ka6 39. Qc4+ Kb6 40. Rf7 Ra5 41. a4 Qh1+ 42. Kc2 Qxe4+ 43. Kb3 Qd5 44. h6 Qxc4+ 45. Kxc4 Rh5 46. h7 Ka6 47. b4 b5+ 48. axb5+ cxb5+ 49. Kd3 Kb6 50. Ke4 Kc6 51. Re7 Kd6 52.
Rb7 Rh4+ 53. Ke3 Kc6 54. Rg7 Kd6 55. Kf3 e5 56. dxe5+ Kxe5 57. Kg3 Rh1 58. Rc7 Kd6 59. Rc5 Rxh7 60. Rxb5 Rf7 61. Rc5 Rf8 62. Rc4 Kd5 63.
Rf4 Rc8 64. Rd4+ Ke5 65. Rd3 Ke4 66. Rf3 Rg8+ 67. Kf2 Ra8 68. Rh3 Ra2+ 69. Ke1 Kd5 70. Kd1 Kc4 71. Kc1 Rf2 72. Kd1 Rg2 73. Ke1 Ra2 74. Kf1 Rb2 75. Kg1 Ra2 76. Rh2 Ra1+ 77.
Kg2 Kxc3 1/2-1/2

[Event "*** Titled Tuesday Blitz"]
[Site "Chess.com"]
[Date "2019.02.05"]
[Round "6"]
[White "in_shambles"]
[Black "sandager"]
[Result "1/2-1/2"]
[WhiteElo "1998"]
[BlackElo "2115"]
[TimeControl "180+2"]
[EndTime "14:26:37 PST"]
[Termination "Game drawn by repetition"]

1. d4 Nf6 2. c4 g6 3. Nc3 d5 4. cxd5 Nxd5 5. e4 Nxc3 6. bxc3 Bg7 7. Nf3 c5 8. Rb1 O-O 9. Be3 Nc6 10. Be2 cxd4 11. cxd4 Qa5+ 12. Qd2 Qxd2+ 13. Kxd2 Rd8 14. d5 e6 15. Rhd1 exd5 16. exd5 Rxd5+ 17. Ke1 Rxd1+ 18. Bxd1 b6 19. Ba4 Bb7 20. Rc1 Ne5 21. Nxe5 Bxe5 22. g3 Rc8 23. Rd1 Bf3 24. Rd7 Rc7 25. Rd3 Kg7 26.
Kd2 Bc6 27. Bb3 Bb5 28. Rd8 Rd7+ 29. Rxd7 Bxd7 30. Kd3 Bb5+ 31. Ke4 Kf6 32. Kd5 Be2 33. f4 Bf3+ 34. Kc4 Bb2 35. Kb5 Bb7 36. a4 Ke7 37. a5 bxa5 38. Bxa7 Bc3 39. Bb6 f6 40. Bxa5 Bd4 41. Bb4+ Ke8 42. Kc4 Bg1 43. h3 Bf2 44.
g4 Bg2 45. Kd3 Bxh3 46. Ke2 Bb6 47. Kf3 f5 48. g5 Bg4+ 49. Kg3 Bd8 50. Be6 Be7 51.
Bc3 Bf8 52. Bg8 h6 53. Bf6 hxg5 54. Bxg5 Be2 55. Be6 Be7 56. Bh6 Bb5 57. Kf2 Bc5+ 58. Kf3 Bc6+ 59. Ke2 Bf8 60. Bg5 Bd7 61. Bd5 Be7 62. Bh6 Bf8 63. Bg5 Bd6 64. Ke3 Kf8 65. Bh6+ Ke7 66. Bg5+ Ke8 67. Kd4 Bb5 68. Ke3 Bc5+ 69.
Kf3 Kf8 70. Bh6+ Ke7 71. Bg5+ Kd6 72. Bf7 Bc6+ 73. Kg3 Bd5 74. Bxg6 Ke6 75. Bh5 Bb4 76. Bf3 Be1+ 77. Kg2 Bxf3+ 78. Kxf3 Kd5 79. Ke2 Bc3 80. Kd3 Bd4 81. Bh6 Bc5 82. Bg5 Bd4 83. Bh6 Bf6 84.
Ke3 Bd4+ 85. Kd3 Bf6 86. Ke3 Bd4+ 87. Kd3 Bb2 88. Bg5 Bd4 89. Bh6 1/2-1/2

[Event "*** Titled Tuesday Blitz"]
[Site "Chess.com"]
[Date "2019.02.05"]
[Round "6"]
[White "NMJeevanK"]
[Black "Zq1"]
[Result "1-0"]
[WhiteElo "2347"]
[BlackElo "2506"]
[TimeControl "180+2"]
[EndTime "14:26:40 PST"]
[Termination "NMJeevanK won by resignation"]

1. e4 c5 2. Nf3 d6 3. Bb5+ Bd7 4. Qe2 Nc6 5. c3 g6 6. O-O Bg7 7. Rd1 Nf6 8. d4 cxd4 9. cxd4 d5 10. exd5 Nxd5 11. Nc3 Nxc3 12. bxc3 O-O 13. Ba3 Re8 14. Rab1 e6 15. c4 a6 16. Ba4 Nxd4 17. Nxd4 Bxa4 18.
Nb3 Qc7 19. Bd6 Qc6 20. Na5 Bxd1 21. Qxd1 Qd7 22. Rxb7 Qc8 23. Qf3 f6 24. c5 e5 25.
h4 Qe6 26. Nc6 e4 27. Qa3 Bf8 28. Bxf8 Qxc6 29. Rb6 Qd5 30. Bd6 e3 31. fxe3 Re4 32.
g3 Rae8 33. Bf4 Rc4 34. Rxf6 Qd1+ 35. Kh2 Rc2+ 36. Kh3 Qf1+ 37. Kg4 Qe2+ 38. Kh3 Qc4 39. Qb3 Qxb3 40. axb3 Rxc5 41. Rxa6 Rb5 42. Ra3 Re7 43. Kg4 Rd7 44. Bh6 Kf7 45. e4 Rdb7 46. Ra6 Rxb3 47. e5 R7b4+ 48. Bf4 Rb6 49. Ra7+ Rb7 50. Ra6 R3b6 51.
Ra8 Kg7 52. Rd8 Rf7 53. h5 gxh5+ 54. Kxh5 Rg6 55. Kh4 Re6 56. Kg4 Kg6 57. Rg8+ Rg7 58. Rxg7+ Kxg7 59. Kf5 Kf7 60. Bg5 Rc6 61. Bf4 Rc5 62.
Kg5 Rc6 63. Kf5 Rg6 64. g4 Re6 65. g5 Rc6 66. Bg3 Ra6 67. Bf4 Ra4 68. Be3 Ra5 69. Bf4 Ra1 70. Be3 Rf1+ 71. Bf4 Ke7 72. Kg4 Ke6 73.
Bg3 Rg1 74. Kf4 Rg2 75. Kf3 Rg1 76. Kf4 Rf1+ 77. Kg4 Ra1 78. Bh2 Ra4+ 79. Bf4 Rb4 80. Kf3 Kf5 81. Bd2 Kxe5 82. Bxb4 Kf5 83. Bd2 Ke5 84.
Kg4 Ke6 85. Kh5 Kf7 86. Kh6 Kg8 87. Bc3 1-0

[Event "*** Titled Tuesday Blitz"]
[Site "Chess.com"]
[Date "2019.02.05"]
[Round "6"]
[White "chenrip"]
[Black "GMMatamoros"]
[Result "0-1"]
[WhiteElo "2322"]
[BlackElo "2516"]
[TimeControl "180+2"]
[EndTime "14:26:41 PST"]
[Termination "GMMatamoros won on time"]

1. e4 c5 2. Nc3 Nc6 3. Bb5 Nd4 4. Nge2 a6 5. Bd3 Nc6 6. O-O e6 7. a4 Nf6 8. b3 Nb4 9. Nf4 Nxd3 10. Nxd3 d5 11.
exd5 Nxd5 12. Bb2 Be7 13. Nxd5 Qxd5 14. Re1 Bd7 15. Qg4 O-O-O 16. Re5 Qc6 17. Ba3 Bd6 18. Rg5 e5 19. Qe2 f6 20. Rxg7 Rhg8 21. Rxg8 Rxg8 22. f3 Bh3 23. Ne1 Bf5 24. c3 h5 25. b4 cxb4 26.
cxb4 Qb6+ 27. Qf2 Qxf2+ 28. Kxf2 Kd7 29. b5 Rc8 30. Bxd6 Kxd6 31. bxa6 bxa6 32. Ke3 Rc4 33.
Nd3 Rd4 34. Nf2 Kc6 35. Ne4 Bxe4 36. fxe4 a5 37. Rg1 Rxa4 38. Rf1 Ra3+ 39. d3 Ra2 40. Rxf6+ Kc5 41. Re6 Rxg2 42. Rxe5+ Kb4 43. Rxh5 a4 44. Rh8 a3 45. Rb8+ Kc3 46. Rc8+ Kb2 47. Rb8+ Kc2 48.
Rc8+ Kb1 49. Ra8 a2 50. e5 Rxh2 51. d4 Rh4 52. e6 Kb2 53. d5 Rh3+ 54. Ke4 Ra3 55.
Rb8+ Kc2 56. Rc8+ Kd2 57. Rh8 a1=Q 58. Rh2+ Kc3 59. Rh3+ Kb4 60. Rxa3 Kxa3 61. d6 Qe1+ 62. Kd5 Qd2+ 63. Kc6 Qc3+ 64. Kd7 Qh3 65. Ke7 Qh4+ 66.
Kd7 Qg4 67. Ke7 Qg7+ 68. Kd8 Qf6+ 69. Kd7 Qf5 70. Ke7 Qg5+ 71. Kd7 Qg4 72. Ke7 Qg7+ 73.
Kd8 Kb4 74. e7 Kc5 75. e8=Q Kxd6 0-1

[Event "*** Titled Tuesday Blitz"]
[Site "Chess.com"]
[Date "2019.02.05"]
[Round "6"]
[White "GremioPrudente"]
[Black "Karina_Oparina"]
[Result "0-1"]
[WhiteElo "2060"]
[BlackElo "2192"]
[TimeControl "180+2"]
[EndTime "14:26:45 PST"]
[Termination "Karina_Oparina won on time"]

1. Nf3 Nf6 2. c4 e6 3. d4 b6 4.
g3 Bb7 5. Bg2 Be7 6. O-O O-O 7.
Nc3 Ne4 8. Qc2 Nxc3 9. Qxc3 Bf6 10.
b3 c5 11. Bb2 Nc6 12. Qd2 cxd4 13. Nxd4 Rb8 14. Rad1 Na5 15. Nb5 Bxg2 16. Kxg2 a6 17. Nd6 Nb7 18. Bxf6 Qxf6 19. Ne4 Qe5 20. Qf4 Qxf4 21.
gxf4 Rfd8 22. Nd6 Kf8 23. Nxb7 Rxb7 24. Rd6 Ke7 25. Rfd1 a5 26. a4 Rc8 27. e4 f6 28.
Kf3 Rc6 29. e5 Rc5 30. Ke4 f5+ 31. Kf3 Rc6 32. R6d4 Rc5 33. Rd6 g5 34. R1d4 gxf4 35. Kxf4 Rc8 36. Ke3 Rg8 37. Rd2 Rg4 38. Ke2 Re4+ 39.
Kf3 Rxe5 40. Kf4 Re4+ 41. Kf3 Rg4 42. h3 Rg8 43. R6d4 Rc7 44. Re2 d6 45. Red2 Rd7 46. Re2 e5 47. Rd5 Ke6 48. Red2 f4 49. Rb5 Rb8 50.
Rbd5 Rc8 51. Ke4 Rc5 52. R5d3 Rc6 53. Rd5 Rg7 54. Kf3 Rg6 55. R5d3 Kf5 56. Rd5 Rh6 57.
h4 Rxh4 58. Rxd6 Rxd6 59. Rxd6 Rh3+ 60. Ke2 Rxb3 61. Rh6 Rb4 62. Rxh7 Rxa4 63. Rb7 Rxc4 64. Rxb6 Rc5 65. Ra6 e4 66. Kd2 Kg4 67. Rg6+ Kf3 68.
Rf6 Rb5 69. Rf8 Rb2+ 70. Kc3 Rxf2 71. Ra8 Ra2 72. Rh8 e3 0-1

[Event "*** Titled Tuesday Blitz"]
[Site "Chess.com"]
[Date "2019.02.05"]
[Round "6"]
[White "vugarrasulov"]
[Black "HomayoonTofighi"]
[Result "0-1"]
[WhiteElo "2852"]
[BlackElo "2754"]
[TimeControl "180+2"]
[EndTime "14:26:47 PST"]
[Termination "HomayoonTofighi won by resignation"]

1. e4 e6 2. d4 d5 3. Nd2 Nf6 4. e5 Nfd7 5. Bd3 c5 6. c3 Nc6 7.
Ne2 Qb6 8. Nf3 cxd4 9. cxd4 Bb4+ 10. Bd2 Bxd2+ 11. Qxd2 f6 12. exf6 Nxf6 13. O-O O-O 14.
Ng3 Bd7 15. a3 Rae8 16. b4 a6 17. Rae1 Ng4 18. Qg5 Nf6 19. Qh4 h6 20. Re2 Nd8 21. Ne5 Bb5 22. Bxb5 Qxb5 23. Rfe1 Nc6 24. h3 Qb6 25. Nxc6 Qxc6 26. Nh5 Nxh5 27. Qxh5 Qc3 28. Qg4 Qxa3 29. Rxe6 Rxe6 30. Qxe6+ Kh7 31. Qe7 Rf6 32. Qxb7 Qb2 33. Rf1 Qxd4 34. Qe7 Qf4 35. g3 Qf5 36. h4 d4 37. Qc5 Qd7 38. Rd1 d3 39. Qe3 Rd6 40.
Qe4+ Kg8 41. Rd2 Rd4 42. Qa8+ Kh7 43. Qxa6 Qe7 44. Rxd3 Qe2 45. Ra3 Rd1+ 46. Kg2 Qe4+ 47. Rf3 Qe1 48. g4 Qg1+ 49. Kh3 Qh1+ 50. Kg3 Rg1+ 51. Kf4 Qh2+ 52. Kf5 Re1 53. Rf4 Qxh4 54.
Qg6+ Kg8 55. Re4 Qxf2+ 56. Ke5 Qg3+ 57. Ke6 Qb3+ 58. Kd6 Qd3+ 59. Ke5 Qc3+ 60. Kd5 Qd3+ 61. Ke5 Qc3+ 62. Kd6 Rd1+ 63. Ke7 Qc7+ 64. Ke6 Rd6+ 65. Kf5 Rxg6 66. Kxg6 Qc6+ 67. Kf5 Qd5+ 68. Kf4 g5+ 69. Ke3 Qb3+ 70. Kd2 Kf7 71. Rd4 Ke6 72. Rd3 0-1

[Event "*** Titled Tuesday Blitz"]
[Site "Chess.com"]
[Date "2019.02.05"]
[Round "6"]
[White "HouseOfDurin"]
[Black "Mostii"]
[Result "1-0"]
[WhiteElo "1937"]
[BlackElo "2463"]
[TimeControl "180+2"]
[EndTime "14:26:47 PST"]
[Termination "HouseOfDurin won by checkmate"]

1. d4 e6 2. c4 b6 3. Nc3 Bb7 4.
e4 Bb4 5. Bd3 f5 6. f3 fxe4 7.
fxe4 Bxc3+ 8. bxc3 Bxe4 9. Qh5+ g6 10. Qe5 Bxd3 11. Bg5 d6 12. Qxh8 Qxg5 13. Qxg8+ Kd7 14. Qxh7+ Kc6 15. Qh3 Bxc4 16. Ne2 Kb7 17. Qg3 Qb5 18. Qf3+ Nc6 19. Kf2 e5 20. Rhe1 Bxe2 21. Qxe2 Qxe2+ 22. Rxe2 exd4 23. cxd4 Nxd4 24. Re7 Rf8+ 25. Kg1 Nf5 26. Re6 g5 27. Rg6 Nd4 28. Re1 c5 29. Rxg5 Kc6 30.
h4 c4 31. h5 c3 32. Rg4 Kc5 33. h6 c2 34. Kh2 Ne2 35. h7 Rh8 36. Rh4 c1=Q 37. Rxc1+ Nxc1 38. g4 Nd3 39. g5 Ne5 40. Kh3 d5 41. Kg3 d4 42. Rh6 d3 43. Kf2 Nf7 44.
Rh5 Kc4 45. g6 Kc3 46. gxf7 d2 47. Ke2 Kc2 48. Rd5 Rxh7 49. Rxd2+ Kc1 50. a4 Rh2+ 51. Ke3 Rxd2 52. f8=Q Rb2 53. Qa3 Kc2 54. Kd4 a5 55. Qc3+ Kb1 56. Kd3 Ka2 57. Kc4 Rb1 58. Qd2+ Rb2 59.
Qc1 Rb4+ 60. Kc3 Rb3+ 61. Kc2 Rb4 62. Kc3 Rb3+ 63. Kc4 Rb4+ 64. Kc3 Rb3+ 65. Kc2 b5 66. axb5 Rxb5 67. Qf4 Ka3 68. Qc4 Rb4 69. Qc5 Ka4 70. Kc3 Rb3+ 71. Kc2 Rb4 72. Qc6+ Ka3 73. Qc3+ Ka4 74.
Qc6+ Rb5 75. Kc3 Ka3 76. Qxb5 a4 77. Qb2# 1-0

[Event "*** Titled Tuesday Blitz"]
[Site "Chess.com"]
[Date "2019.02.05"]
[Round "6"]
[White "Saitama_Hero"]
[Black "Naruto-K"]
[Result "0-1"]
[WhiteElo "2220"]
[BlackElo "2359"]
[TimeControl "180+2"]
[EndTime "14:26:59 PST"]
[Termination "Naruto-K won on time"]

1. d4 Nf6 2. c4 e6 3. Nc3 Bb4 4.
f3 d5 5. a3 Be7 6. e4 dxe4 7.
fxe4 e5 8. d5 Bc5 9. Nf3 Bg4 10.
Bg5 Nbd7 11. Qd2 Bxf3 12. gxf3 h6 13. Bh4 Nxe4 14. Nxe4 Qxh4+ 15. Kd1 Bd4 16. Kc2 O-O 17. Bd3 c6 18. Raf1 cxd5 19. cxd5 Rac8+ 20. Kb1 Nb6 21. Bc2 Nxd5 22. Bb3 Nf6 23. Nd6 Rcd8 24. Nf5 Qh5 25. Qc2 Kh8 26. h4 Rc8 27. Qd3 Nd7 28. Bc2 Nc5 29. Qd2 Ne6 30. Ng3 Rxc2 31. Qxc2 Qg6 32. Nf5 Qf6 33. Rh2 Rd8 34. Rg2 g6 35. Ng3 Nf4 36.
Rd2 Qxh4 37. Ne4 Qe7 38. Rh2 Kg7 39. Rfh1 h5 40. Qb3 a6 41. Rc1 b5 42. Rhc2 Ne6 43.
Rc6 Ra8 44. Rd6 b4 45. Qd5 Rb8 46. Rd7 Qe8 47. a4 b3 48. Nd6 Qxd7 49. Nf5+ gxf5 50. Qxd7 Kf6 51. Rh1 Rg8 52. Rd1 Rg2 53. Qc6 Rxb2+ 54. Kc1 Rc2+ 55. Qxc2 bxc2 56. Kxc2 Ng5 57. Rh1 Kg6 58. Rf1 h4 59. f4 exf4 60. Rxf4 Bf6 61. Rxh4 Be5 62. Rc4 a5 63. Rc5 f6 64. Rxa5 f4 65.
Kd3 Kf5 66. Ke2 Ke4 67. Rb5 f3+ 68. Kf1 Bd4 69. a5 Kf4 70. Rb4 Ke3 71. Rb3+ Ke4 72. Rb4 Ke5 73. a6 Ne4 74. Rb5+ Kd6 75. Rf5 Ng3+ 0-1